 Dungeon Crawl Stone Soup version 0.29-a0-369-gd956c00756 (webtiles) character file.

Game seed: 10389719179587725235

1542 holysushi the Slicer (level 9, -7/56 HPs)
             Began as a Kobold Monk on May 1, 2022.
             Was an Elder of Kikubaaqudgha.
             Mangled by a white ugly thing (13 damage)
             ... on level 6 of the Dungeon.
             The game lasted 00:16:11 (9946 turns).

holysushi the Slicer (Kobold Monk)                  Turns: 9946, Time: 00:16:12

Health: -7/56      AC:  5    Str:  9    XL:     9   Next: 11%
Magic:  18/18      EV: 20    Int: 11    God:    Kikubaaqudgha [****..]
Gold:   286        SH:  0    Dex: 21    Spells: 5/8 levels left

rFire   . . .      SeeInvis .   u - +1 rapier
rCold   . . .      Faith    .   (no shield)
rNeg    . . .      Spirit   .   b - +0 robe
rPois   .          Reflect  .   (no helmet)
rElec   .          Harm     .   (no cloak)
rCorr   .          Rampage  .   (no gloves)
Will    .....                   o - +2 pair of boots
Stlth   ++........              (no amulet)
HPRegen 0.18/turn               g - ring of magical power
MPRegen 0.16/turn               (no ring)

@: about to teleport, very slow
A: small, no large weapons, nightstalker 3
a: Renounce Religion, Receive Corpses


You were on level 6 of the Dungeon.
You worshipped Kikubaaqudgha.
Kikubaaqudgha was greatly pleased with you.
You visited 1 branch of the dungeon, and saw 6 of its levels.
You also visited: Sewer and Ossuary.

You collected 286 gold pieces.

Inventory:

Hand Weapons
 a - a +0 short sword
 u - a +1 rapier (weapon)
Armour
 b - a +0 robe (worn)
 o - a +2 pair of boots (worn)
Jewellery
 g - a ring of magical power (left hand)
 v - a +6 ring of dexterity
Wands
 i - a wand of digging (2)
Scrolls
 h - a scroll of fog
 k - 3 scrolls of vulnerability
 l - 2 scrolls of immolation
 t - a scroll of noise
Potions
 c - a potion of ambrosia
 d - 7 potions of curing
 e - 3 potions of resistance
 f - a potion of mutation
 j - 2 potions of magic
 m - 3 potions of attraction
 p - 3 potions of might
 q - 2 potions of haste
 r - 2 potions of invisibility
 s - 2 potions of brilliance
 w - a potion of cancellation {unknown}
 x - 2 potions of heal wounds


   Skills:
 + Level 6.5 Fighting
 + Level 9.1 Short Blades
 * Level 7.6 Dodging
 - Level 4.0 Stealth
 - Level 1.0 Necromancy
 - Level 4.2 Evocations


You had 5 spell levels left.
You knew the following spells:

 Your Spells              Type           Power      Damage    Failure   Level
a - Animate Skeleton      Necr           4%         N/A       24%         1
b - Corpse Rot            Necr/Air       2%         N/A       41%         2

Your spell library contained the following spells:

 Spells                   Type           Power      Damage    Failure   Level
 Pain                     Necr           8%         1d4       24%         1
 Poisonous Vapours        Pois/Air       0%         N/A       47%         2
 Tukima's Dance           Hex            0%         N/A       71%         3
 Animate Dead             Necr           1%         N/A       93%         4
 Dispel Undead            Necr           2%         3d7       93%         4
 Passage of Golubria      Tloc           0%         N/A       98%         4
 Agony                    Necr           2%         N/A       100%        5
 Borgnjor's Vile Clutch   Necr/Erth      0%         N/A       100%        5
 Yara's Violent Unravell  Hex/Tmut       0%         3d3       100%        5
 Death Channel            Necr           1%         N/A       100%        6
 Simulacrum               Ice/Necr       0%         N/A       100%        6


Dungeon Overview and Level Annotations

Branches:
Dungeon (6/15)              Sewer (visited)         Ossuary (visited)
 Temple: D:4-7

Altars:
Kikubaaqudgha

Annotations:
D:4 exclusion: downstairs


Innate Abilities, Weirdness & Mutations

You are small and have problems with some larger weapons.
You are completely attuned to the shadows.


Message History

Okay, then.
You enter the shallow water.
Moving in this stuff is going to be slow.
You enter the shallow water.
Moving in this stuff is going to be slow.
You swing at nothing.
You swing at nothing.
You swing at nothing.
You swing at nothing.
You swing at nothing.
You swing at nothing.
You swing at nothing.
You swing at nothing.
Unknown command.
You enter the shallow water.
Moving in this stuff is going to be slow.
A white ugly thing is nearby!
You catch the helpless white ugly thing completely off-guard!
You impale the white ugly thing!!
The white ugly thing is moderately wounded.
Okay, then.
Aiming: Paralyse
Press: ? - help, Shift-Dir - straight line, f - white ugly thing
Aim: a white ugly thing (moderately wounded, chance to affect: 41%)
The white ugly thing resists with some effort.
The white ugly thing kicks you but does no damage.
Aiming: Paralyse
Press: ? - help, Shift-Dir - straight line, f/p - white ugly thing
Aim: a white ugly thing (moderately wounded, chance to affect: 41%)
The white ugly thing resists with some effort.
The now-empty wand crumbles to dust.
The white ugly thing kicks you! The white ugly thing freezes you!!
Ouch! That really hurt!
* * * LOW HITPOINT WARNING * * *
As you read the scroll of teleportation, it crumbles to dust.
You feel strangely unstable. The white ugly thing kicks you.
* * * LOW HITPOINT WARNING * * *
The white ugly thing freezes you!
You die...
Kikubaaqudgha rasps: "You have failed me!
Welcome... death!"

..##.#...#.Z##...#
.....#####.......#
.###.?........Z..#
<# ###....#......##
.# **,............##
.#**,,..#########..#
..,*,,.##.†≈≈≈.≈##.#
##,,,,,#≈#######u#.#
****,,#.#≈≈≈.##@#.#
**,#≈#≈###≈#≈#.#
**#≈#≈#.≈##≈#.#
#≈#≈#####≈#.#
#≈##..≈≈≈##.#
#.########..#
##≈≈≈.≈≈≈≈###
##########


You could see a white ugly thing.

Vanquished Creatures
  A black bear (D:5)
  An ogre (D:5)
  A phantom (D:4)
  2 elf zombies (Ossuary)
  A bullfrog (Sewer)
  A gnoll sergeant (D:6)
  2 scorpions (D:5)
  A howler monkey (D:5)
  3 jellies
  2 hounds
  2 human zombies (Ossuary)
  4 iguanas
  2 orc wizards
  A hound zombie (Ossuary)
  4 mummies (Ossuary)
  15 gnolls
  10 adders
  3 river rats
  A shadow imp (D:3)
  3 ufetubi
  3 worms
  A dart slug (D:4)
  11 orcs
  3 endoplasms
  3 giant cockroaches (D:6)
  4 hobgoblins
  2 jackals (D:1)
  3 quokkas
  15 ball pythons
  4 bats
  4 frilled lizards (D:1)
  A gnoll zombie (Ossuary)
  5 goblins
  2 goblin zombies (Ossuary)
  2 hobgoblin zombies (Ossuary)
  4 kobolds
  2 kobold zombies (Ossuary)
  23 rats
152 creatures vanquished.

Vanquished Creatures (collateral kills)
  A bullfrog (Sewer)
  3 ball pythons (Sewer)
  2 rats (Sewer)
6 creatures vanquished.

Vanquished Creatures (others)
  10 plants (D:4)
10 creatures vanquished.

Grand Total: 168 creatures vanquished

Notes
Turn   | Place    | Note
-------+----------+-------------------------------------------
     0 | D:1      | holysushi the Kobold Monk began the quest for the Orb.
     0 | D:1      | Reached XP level 1. HP: 14/14 MP: 1/1
   346 | D:1      | Reached XP level 2. HP: 9/19 MP: 2/2
   943 | D:2      | Reached XP level 3. HP: 17/24 MP: 3/3
  1211 | D:2      | Found an ancient bone altar of Kikubaaqudgha.
  1483 | D:2      | Reached skill level 5 in Short Blades
  2251 | D:3      | Reached XP level 4. HP: 18/29 MP: 4/4
  2483 | D:3      | Reached skill level 6 in Short Blades
  2495 | D:3      | Found an ancient bone altar of Kikubaaqudgha.
  2522 | D:3      | Reached XP level 5. HP: 14/34 MP: 5/5
  2803 | D:3      | Became a worshipper of Kikubaaqudgha
  2803 | D:3      | Reached * piety under Kikubaaqudgha
  2803 | D:3      | Received a gift from Kikubaaqudgha
  2803 | D:3      | Reached ** piety under Kikubaaqudgha
  2807 | D:3      | Learned a level 1 spell: Animate Skeleton
  3475 | D:4      | HP: 1/34 [iguana (9)]
  4519 | D:5      | Entered Level 5 of the Dungeon
  4519 | D:5      | Noticed a phantom
  4550 | D:4      | Killed a phantom
  4551 | D:4      | Reached skill level 7 in Short Blades
  4551 | D:4      | Reached XP level 6. HP: 19/40 MP: 6/6
  4834 | D:4      | Reached skill level 5 in Fighting
  5528 | D:5      | Reached XP level 7. HP: 44/44 MP: 7/7
  5552 | D:5      | Reached skill level 8 in Short Blades
  5552 | D:5      | Reached skill level 5 in Dodging
  6855 | D:5      | Reached XP level 8. HP: 51/51 MP: 8/8
  7367 | D:5      | Reached skill level 1 in Necromancy
  7444 | D:5      | Learned a level 2 spell: Corpse Rot
  8450 | D:6      | Found a sand-covered staircase.
  8452 | D:6      | Noticed a white ugly thing
  8462 | Ossuary  | Entered an ossuary
  8494 | Ossuary  | Reached *** piety under Kikubaaqudgha
  8494 | Ossuary  | Received a gift from Kikubaaqudgha
  8495 | Ossuary  | Reached skill level 1 in Evocations
  9035 | D:6      | Found a glowing drain.
  9039 | Sewer    | Entered a sewer
  9212 | Sewer    | Reached **** piety under Kikubaaqudgha
  9505 | Sewer    | Reached XP level 9. HP: 55/55 MP: 9/9
  9627 | Sewer    | Reached skill level 9 in Short Blades
  9946 | D:6      | Mangled by a white ugly thing

Illustrated notes

Levels and vault maps discovered:
D:1:      lightli_iron_boxes, layout_rooms
D:2:      layout_basic, basic_altar
D:3:      layout_loops_ring, nicolae_overflow_crystal_walls
D:4:      layout_loops_ring, serial_bayou_lagoon_a
D:5:      layout_gridville, minmay_misc_feat_roman, glass_columns_a,
          minmay_misc_feat_cross, st_stairs_8
D:6:      layout_rooms, enter_ossuary_2, gup_sewer_entry_spiral

Skill      XL: |  1  2  3  4  5  6  7  8  9 |
---------------+----------------------------+-----
Short Blades   | 5 6 7 8 9 |  9.1
Fighting       | 4 5 6 |  6.5
Dodging        | 4 5 7 |  7.6
Stealth        | 3 4 |  4.0
Necromancy     | 1 |  1.0
Evocations     | 4 |  4.2

Action                   |  1- 3 |  4- 6 |  7- 9 || total
-------------------------+-------+-------+-------++-------
Melee: Short sword       |    73 |   145 |       ||   218
       Punch             |       |     1 |     3 ||     4
       Rapier            |       |    11 |   334 ||   345
 Cast: Animate Skeleton  |       |       |     9 ||     9
       Corpse Rot        |       |       |     1 ||     1
Evoke: Wand              |       |       |    11 ||    11
  Use: Potion            |       |     7 |       ||     7
       Scroll            |       |     3 |    19 ||    22
 Stab: Sleeping          |    14 |     7 |    18 ||    39
       Distracted        |       |       |     3 ||     3
       Paralysed         |       |       |     4 ||     4
Armor: Robe              |     7 |    19 |    46 ||    72
Dodge: Dodged            |    43 |   113 |   317 ||   473

Table legend: (Time is in decaauts)
 A = Elapsed time spent in this place.
 B = Non-inter-level travel time spent in this place.
 C = Inter-level travel time spent in this place.
 D = Time resting spent in this place.
 E = Time spent auto-exploring this place.
 F = Levels seen in this place.
 G = Mean time per level.
                   A        B        C        D        E       F      G
               +--------+--------+--------+--------+--------+-----+--------+
         Total |   9876 |   9513 |    363 |   3101 |   4508 |   8 | 1234.5 |
       Dungeon |   8662 |   8299 |    363 |   2550 |   4388 |   6 | 1443.7 |
         Sewer |    878 |    878 |      0 |    551 |      0 |   1 |  878.0 |
       Ossuary |    336 |    336 |      0 |      0 |    120 |   1 |  336.0 |
               +--------+--------+--------+--------+--------+-----+--------+

Top non-repeatable levels by time:
     D:5: 2495 daAuts
     D:4: 2406 daAuts
     D:3: 1610 daAuts
     D:2: 952 daAuts
     D:1: 913 daAuts
   Sewer: 878 daAuts
 Ossuary: 336 daAuts
     D:6: 283 daAuts
